AoeStats
← Zumoshi

Arabia

507273436Analyzed
1v1 RM · 16d ago on Sep 17, 2026· 37m 26s· 2 players
Game mode
Random Map
Map size
Tiny (2 player)
Population
200
Speed
Normal
Resources
Standard
Victory
Conquest
Starting age
Dark Age
Ending age
Imperial Age
RankedLock teamsTeams togetherTeam positionsShared explorationLock speedFull tech treeHidden civsTurbo modeCheats
Victory
Defeat
🇮🇱 Magyars · Israel
1085
+15
🇲🇽 Chinese · Mexico
1074
-15
SanjiJose
0:30 Loom
11:07 Feudal Age
15:10 Double-Bit Axe
16:07 Fletching
16:48 Horse Collar
18:26 Padded Archer Armor
23:27 Castle Age
24:19 Wheelbarrow
23:38 Crossbowman
24:18 Bodkin Arrow
25:36 Thumb Ring
27:30 Forging
27:35 Pikeman
31:35 Elite Skirmisher
35:47 Leather Archer Armor
38:10 Hand Cart
Zumoshi
7:26 Loom
9:40 Feudal Age
10:45 Man-at-Arms
13:51 Double-Bit Axe
15:14 Horse Collar
17:35 Fletching
20:21 Scale Barding Armor
23:39 Bloodlines
26:21 Castle Age
27:05 Bodkin Arrow
27:10 Padded Archer Armor
27:19 Gold Mining
27:34 Husbandry
29:09 Leather Archer Armor
30:01 Wheelbarrow
32:33 Bow Saw
35:21 Ballistics
35:56 Heavy Plow
38:08 Chain Barding Armor
Connection lost

Rejoining the realm…

Still unreachable

The connection could not be restored.

Session expired

The server has moved on; the page needs a fresh start.